 Dungeon Sprint DCSS version 0.19-a0-895-gdbd5520 (webtiles) character file.

60 LORDOFBUTT the Cudgeler (level 3, 0/29 HPs)
             Began as a Demonspawn Gladiator on July 5, 2016.
             Killed from afar by an orc wizard (6 damage)
             ... with a magic dart
             ... in the Dungeon (Sprint IX: "|||||||||||||||||||||||||||||").
             The game lasted 00:00:14 (46 turns).

LORDOFBUTT the Cudgeler (Demonspawn Gladiator)        Turns: 46, Time: 00:00:14

Health: 0/29       AC:  7    Str: 15    XL:     3   Next: 82%
Magic:  3/3        EV: 14    Int:  9    God:
Gold:   0          SH:  0    Dex: 13    Spells: 0 memorised, 2 levels left

rFire  . . .     SeeInvis .     a - +0 flail
rCold  . . .     Gourm    .     b - +0 leather armour
rNeg   . . .     Faith    .     (no shield)
rPois  .         Spirit   .     (helmet restricted)
rElec  .         Dismiss  .     (no cloak)
rCorr  .         Reflect  .     (no gloves)
SustAt .         Harm     .     (no boots)
MR     .....     NoTele   +     (no amulet)
Stlth  +.........               (no ring)
                                (no ring)

@: exhausted, slowed, very slow, not resistant to hostile enchantments, very
unstealthy
A: antennae 1, rough black scales 1
a: no special abilities


You were in the Dungeon.
You were not hungry.

You visited 1 branch

Inventory:

Hand Weapons
 a - a +0 flail (weapon)
Missiles
 d - 3 throwing nets (quivered)
Armour
 b - a +0 leather armour (worn)
 c - a +0 helmet
Scrolls
 k - a scroll of blinking
Potions
 e - a potion of curing
 h - a potion of haste
 i - 2 potions of magic
Comestibles
 f - a bread ration


   Skills:
 + Level 3.2 Fighting
 + Level 5.1 Maces & Flails
 + Level 3.0 Throwing
 + Level 0.6 Armour
 + Level 4.6 Dodging


You had 2 spell levels left.
You didn't know any spells.

Dungeon Overview and Level Annotations

Branches:
Dungeon (1/1)

Altars:


Innate Abilities, Weirdness & Mutations

You have a pair of small antennae on your head.
You are partially covered in rough black scales. (AC +4, Dex -1)


Message History

The orc wizard casts a spell at you.
You feel as though you will be slow longer.
You hit the orc wizard.
The orc wizard is moderately wounded.
The orc wizard points at you and mumbles some strange words.
The magic dart hits you!
* * * LOW HITPOINT WARNING * * *
The orc wizard closely misses you.
The orc wizard gestures at you while chanting.
You feel as though you will be slow longer.
You closely miss the orc wizard.
The orc wizard is moderately wounded.
The orc wizard misses you. The orc wizard barely misses you.
The orc wizard misses you.
You hit the orc wizard.
The orc wizard is heavily wounded.
The orc wizard misses you.
The orc wizard points at you and mumbles some strange words.
The magic dart hits you!
You die...

▓+▓
▓@▓
▓o▓
▓.▓
▓.▓
▓)▓
▓'▓
▓.▓
▓.▓
▓.▓


You could see an orc wizard.

Vanquished Creatures
  A hound (D)
  A worker ant (D)
  An orc (D)
  A bat (D)
  A hobgoblin (D)
  A jackal (D)
  A giant cockroach zombie (D)
  2 rats (D)
9 creatures vanquished.

Vanquished Creatures (others)
  3 spatial maelstroms (D)
3 creatures vanquished.

Grand Total: 12 creatures vanquished

Notes
Turn   | Place    | Note
-------+----------+-------------------------------------------
     0 | D        | LORDOFBUTT the Demonspawn Gladiator began the quest for the Orb.
     0 | D        | Reached XP level 1. HP: 16/16 MP: 1/1
     2 | D        | Banished a spatial maelstrom
     4 | D        | Reached skill level 3 in Maces & Flails
     4 | D        | Banished a spatial maelstrom
     4 | D        | Banished a spatial maelstrom
    18 | D        | Noticed an orc wizard
    18 | D        | Noticed a hound
    18 | D        | Noticed a worker ant
    29 | D        | Killed a worker ant
    29 | D        | Reached skill level 4 in Maces & Flails
    29 | D        | Gained mutation: You have a pair of small antennae on your head. [demonic ancestry]
    29 | D        | Reached XP level 2. HP: 23/23 MP: 2/2
    29 | D        | Gained mutation: You are partially covered in rough black scales. (AC +4, Dex -1) [demonic ancestry]
    29 | D        | Reached XP level 3. HP: 28/28 MP: 3/3
    37 | D        | Reached skill level 5 in Maces & Flails
    46 | D        | Killed from afar by an orc wizard

Vault maps used:
D:        linesprint

Skill      XL: |  1  2  3 |
---------------+----------+-----
Maces & Flails | 4 5 |  5.1
Dodging        | 4 |  4.6
Throwing       | 2 3 |  3.0
Fighting       | 3 |  3.2
Armour         | |  0.6

Action                   || total
-------------------------++-------
Melee: Flail             ||    28
  Use: Potion            ||     2
Armor: Leather armour    ||     7
Dodge: Dodged            ||    18
